 Dungeon Crawl Stone Soup version 0.29-a0-284-gf9362112df (webtiles) character file.

Game seed: 1551944854986821990

506 sammy202020 the Skirmisher (level 7, -11/44 HPs)
             Began as a Gargoyle Berserker on Mar 23, 2022.
             Was a Follower of Trog.
             Killed from afar by Dowan (17 damage)
             ... with a shard of ice
             ... on level 4 of the Dungeon.
             The game lasted 00:04:05 (3085 turns).

sammy202020 the Skirmisher (Gargoyle Berserker)     Turns: 3085, Time: 00:04:07

Health: -11/44     AC: 14    Str: 21    XL:     7   Next: 18%
Magic:  7/7        EV: 11    Int:  9    God:    Trog [*.....]
Gold:   213        SH:  0    Dex:  9    Spells: 6/6 levels left

rFire   . . .      SeeInvis .   o - +0 mace
rCold   . . .      Faith    .   (no shield)
rNeg    + . .      Spirit   .   b - +0 ring mail
rPois   ∞          Reflect  .   (no helmet)
rElec   +          Harm     .   d - +2 cloak
rCorr   .          Rampage  .   (no gloves)
Will    .....                   (no boots)
Stlth   ..........              (no amulet)
HPRegen 0.14/turn               (no ring)
MPRegen 0.10/turn               (no ring)

@: on berserk cooldown, slowed, studying Dodging, very slow
A: sickness immunity, AC +4, negative energy resistance 1, electricity
resistance, torment resistance 1, petrification resistance
a: Renounce Religion, Berserk


You were on level 4 of the Dungeon.
You worshipped Trog.
Trog was aware of your devotion.
You visited 1 branch of the dungeon, and saw 4 of its levels.

You collected 213 gold pieces.

Inventory:

Hand Weapons
 o - a +0 mace (weapon)
Missiles
 a - a throwing net
 g - 2 boomerangs (quivered)
 j - 2 poisoned darts
Armour
 b - a +0 ring mail (worn)
 d - a +2 cloak (worn)
 n - a +0 cloak
Wands
 f - a wand of digging (6)
 h - a wand of flame (31)
Scrolls
 c - 3 scrolls of identify
 k - a scroll of vulnerability {unknown}
 q - a scroll of blinking {unknown}
Potions
 e - 4 potions of degeneration
 i - a potion of berserk rage
 l - a potion of curing
 m - a potion of brilliance {unknown}
 p - a potion of ambrosia {unknown}


   Skills:
 * Level 5.3 Fighting
 * Level 4.9 Maces & Flails
 * Level 4.7 Armour
 + Level 3.1 Dodging


You had 6 spell levels left.
You didn't know any spells.
Your spell library was empty.

Dungeon Overview and Level Annotations

Branches:
Dungeon (4/15)
 Temple: D:4-7

Altars:
Fedhas

Annotations:
D:4 Dowan


Innate Abilities, Weirdness & Mutations

You are immune to sickness and miasma.
Your stone body is resilient. (AC +4)
You are immune to poison.
You resist negative energy. (rN+)
You are resistant to electric shocks. (rElec)
You are resistant to unholy torment.
You are immune to petrification.


Message History

You closely miss the iguana.
The iguana is moderately wounded.
Your skin stops crawling.
You feel less strong-willed.
You barely miss the iguana.
The iguana is moderately wounded.
The iguana barely misses you.
You sock the iguana!
You kill the iguana!
Trog accepts your kill.
You thump Dowan!
Dowan is heavily wounded.
Dowan drinks a potion.
Dowan is healed!
You miss Dowan.
Dowan is lightly wounded.
Dowan barely misses you. Dowan hits you but does no damage.
You barely miss Dowan.
Dowan is lightly wounded.
Dowan barely misses you.
You sock Dowan!
Dowan is heavily wounded.
Dowan gestures wildly while chanting.
Dowan blinks!
Items here: ) [ ††.
You feel a strong urge to attack something.
You are no longer berserk.
You are exhausted.
You feel yourself slow down. Dowan barely misses you.
Items here: ) [ ††.
You sock Dowan!
Dowan is almost dead.
Dowan hits you with a +0 dagger.
* * * LOW HITPOINT WARNING * * *
Dowan misses you.
You hit Dowan but do no damage.
Dowan is almost dead.
Dowan casts a spell.
Dowan blinks!
Dowan points at you and mumbles some strange words.
The shard of ice hits you!
You die...

........#
#†#......#
#########
#.#......#
#........#
#....##### #....#
####....#
.....e..#
#######...########
+.....'...@§.....#
#######...######.#
#...# #...# #...#
###.. #... #....
#....


You could see Dowan (fast).

Vanquished Creatures
  Sigmund (D:2)
  Duvessa (D:4)
  A phantom (D:4)
  Crazy Yiuf (D:3)
  2 iguanas (D:4)
  2 adders (D:3)
  2 worms
  An orc (D:4)
  3 ball pythons
  8 bats
  9 endoplasms
  5 goblins
  5 hobgoblins
  5 jackals (D:2)
  5 quokkas
  2 frilled lizards (D:1)
  4 kobolds (D:1)
  3 rats (D:1)
60 creatures vanquished.

Notes
Turn   | Place    | Note
-------+----------+-------------------------------------------
     0 | D:1      | sammy202020 the Gargoyle Berserker began the quest for the
                  | Orb.
     0 | D:1      | Reached XP level 1. HP: 14/14 MP: 1/1
   238 | D:1      | Reached XP level 2. HP: 11/19 MP: 2/2
  1084 | D:2      | Reached XP level 3. HP: 24/24 MP: 3/3
  1180 | D:2      | Noticed Sigmund
  1195 | D:2      | Killed Sigmund
  1196 | D:2      | Reached skill level 4 in Fighting
  1196 | D:2      | Reached XP level 4. HP: 10/30 MP: 4/4
  1196 | D:2      | Reached XP level 5. HP: 12/34 MP: 5/5
  1632 | D:2      | You fall into a shaft and drop 1 floor!
  1639 | D:3      | Found a faded altar of an unknown god.
  1905 | D:3      | Reached ** piety under Trog
  2070 | D:3      | Found a blossoming altar of Fedhas.
  2081 | D:3      | Reached XP level 6. HP: 31/39 MP: 6/6
  2265 | D:3      | Found a runed translucent door.
  2266 | D:3      | Noticed Crazy Yiuf
  2282 | D:3      | Killed Crazy Yiuf
  2810 | D:4      | Reached skill level 5 in Fighting
  3044 | D:4      | Noticed Duvessa
  3045 | D:4      | Noticed Dowan
  3068 | D:4      | Killed Duvessa
  3069 | D:4      | Reached XP level 7. HP: 10/44 MP: 7/7
  3085 | D:4      | Killed from afar by Dowan

Illustrated notes

Levels and vault maps discovered:
D:1:      giann_bridges, layout_basic, hex_intersection
D:2:      layout_loops_ring, serial_shops, shop, uniq_sigmund
D:3:      layout_rooms, mainiacjoe_overflow_cross_hatched,
          shapermc_ecumenical_altar_ellora, uniq_crazy_yiuf_cottage
D:4:      layout_basic, kennysheep_generic_room_13, uniq_duvessa

Skill      XL: |  1  2  3  4  5  6 |
---------------+-------------------+-----
Fighting       | 4 5 |  5.3
Maces & Flails | 4 |  4.9
Armour         | 3 4 |  4.7
Dodging        | 2 3 |  3.1

Action                   |  1- 3 |  4- 6 |  7- 9 || total
-------------------------+-------+-------+-------++-------
Melee: Mace              |    78 |   149 |    14 ||   241
       Punch             |       |     3 |       ||     3
Invok: Berserk           |     1 |     2 |       ||     3
       Trog's Hand       |       |     2 |       ||     2
  Use: Scroll            |       |     7 |       ||     7
Armor: Animal skin       |    35 |    14 |       ||    49
       Ring mail         |       |    62 |     3 ||    65
       Leather armour    |       |     2 |       ||     2
Dodge: Dodged            |    78 |    96 |     6 ||   180

Table legend: (Time is in decaauts)
 A = Elapsed time spent in this place.
 B = Non-inter-level travel time spent in this place.
 C = Inter-level travel time spent in this place.
 D = Time resting spent in this place.
 E = Time spent auto-exploring this place.
 F = Levels seen in this place.
 G = Mean time per level.
                   A        B        C        D        E       F      G
               +--------+--------+--------+--------+--------+-----+--------+
         Total |   3164 |   3074 |     90 |      0 |   2467 |   4 |  791.0 |
       Dungeon |   3164 |   3074 |     90 |      0 |   2467 |   4 |  791.0 |
               +--------+--------+--------+--------+--------+-----+--------+

Top non-repeatable levels by time:
     D:1: 1090 daAuts
     D:3: 1004 daAuts
     D:2: 574 daAuts
     D:4: 495 daAuts
